 Dungeon Crawl Stone Soup version 0.24.0-13-gcf9b3192b9 (webtiles) character file.

Game seed: 16012603464531469943, levelgen mode: deterministic

56 Alabard the Caller (level 3, -6/24 HPs)
             Began as a Merfolk Summoner on Nov 9, 2019.
             Killed by divine providence
             ... invoked by an orc priest
              (15 damage)
             ... on level 3 of the Dungeon.
             The game lasted 00:20:52 (2874 turns).

Alabard the Caller (Merfolk Summoner)               Turns: 2874, Time: 00:20:53

Health: -6/24      AC:  2    Str:  8    XL:     3   Next: 95%
Magic:  1/6        EV: 13    Int: 15    God:
Gold:   108        SH:  0    Dex: 14    Spells: 0/6 levels left

rFire    . . .     SeeInvis .   q - +0 rapier
rCold    . . .     Gourm    .   (no shield)
rNeg     . . .     Faith    .   r - +0 robe
rPois    .         Spirit   .   (no helmet)
rElec    .         Reflect  .   (no cloak)
rCorr    +         Harm     .   (no gloves)
MR       .....                  (no boots)
Stlth    ++........             (no amulet)
HPRegen  0.08/turn              n - ring of resist corrosion
MPRegen  0.10/turn              (no ring)

@: no status effects
A: change form in water, swift swim, stealthy swim
a: no special abilities


You were on level 3 of the Dungeon.
You were hungry.

You visited 1 branch of the dungeon, and saw 3 of its levels.

You collected 108 gold pieces.

Inventory:

Hand Weapons
 q - a +0 rapier (weapon)
Missiles
 e - 131 stones (quivered)
 h - 37 arrows
Armour
 r - a +0 robe (worn)
Jewellery
 n - a ring of resist corrosion (left hand)
Wands
 a - a wand of iceblast (6)
Scrolls
 b - 2 scrolls of enchant weapon {unknown}
 d - 3 scrolls of teleportation {unknown}
 f - a scroll of remove curse {unknown}
 g - a scroll of enchant armour {unknown}
 m - 2 scrolls of identify {unknown}
 o - 2 scrolls of amnesia {unknown}
 p - a scroll of magic mapping {unknown}
Potions
 i - a potion of degeneration {unknown}
 j - a potion of mutation {unknown}
 k - 2 potions of flight {unknown}
 l - 2 potions of magic {unknown}
Comestibles
 c - 12 rations


   Skills:
 - Level 0.1 Fighting
 - Level 0.4 Short Blades
 - Level 0.7 Throwing
 - Level 0.1 Armour
 + Level 3.2 Dodging
 + Level 2.5 Stealth
 + Level 2.3 Spellcasting
 * Level 4.6 Summonings


You couldn't memorise any spells.
You knew the following spells:

 Your Spells              Type           Power        Failure   Level  Hunger
a - Summon Small Mammal   Summ           ###.         3%          1    #......
b - Call Imp              Summ           ###.....     4%          2    ###....
c - Call Canine Familiar  Summ           ###.....     10%         3    ###....

Your spell library contained the following spells:

 Spells                   Type           Power        Failure   Level  Hunger
 Magic Dart               Conj           #...         22%         1    #......
 Summon Guardian Golem    Hex/Summ       #.......     26%         3    ###....
 Blink                    Tloc           N/A          32%         2    ###....
 Slow                     Hex            #.......     32%         2    ###....
 Conjure Flame            Conj/Fire      #.......     54%         3    ###....
 Mephitic Cloud           Conj/Pois/Air  #.......     54%         3    ###....
 Summon Ice Beast         Ice/Summ       #.......     63%         4    #####..
 Summon Lightning Spire   Summ/Air       #.......     63%         4    #####..


Dungeon Overview and Level Annotations

Branches:
Dungeon (3/15)

Altars:
Gozag


Message History

Your crimson imp hits the giant cockroach.
Your crimson imp blinks!
The giant cockroach bites your crimson imp.
Your crimson imp hits the orc.
The orc priest mumbles some strange prayers to Beogh against you.
Beogh smites you!
Ouch! That really hurt!
The orc hits your crimson imp with a +0 dagger.
The orc priest looks satisfied for a moment.
The giant cockroach misses your crimson imp.
Your crimson imp hits the giant cockroach.
The giant cockroach dies!
Your crimson imp closely misses the orc.
The orc completely misses your crimson imp.
Your crimson imp closely misses the orc.
The orc closely misses your crimson imp.
The orc priest mumbles some strange prayers to Beogh against you.
Beogh smites you!
Ouch! That really hurt!
You die...

# ##. ##### #.. #...# #.#
#...# #.# #...# #.# ## #...#
#.##
.########..o#####..##########
..).....†o5o5...@....+....#.#
##
.########...#####....###..#.#
#. .# ##### #...........# #.
o# #.....###..## #. o#
#.....# #..# #. .# #####.#
#..## #. o# ###.###...####.
.. ...............
###.###.#..###.


You could see 2 orc priests, an orc and 2 friendly crimson imps.

Vanquished Creatures
  A dart slug (D:2)
  A leopard gecko (D:3)
  2 orcs (D:3)
  3 goblins
  2 hobgoblins (D:2)
  2 quokkas (D:2)
  4 bats
  4 kobolds
  A quokka zombie (D:2)
  6 rats
26 creatures vanquished.

Vanquished Creatures (collateral kills)
  2 adders (D:2)
  A worm (D:2)
  2 bats (D:2)
  A giant cockroach (D:3)
  5 goblins
  3 hobgoblins
  4 kobolds
  A ball python (D:2)
19 creatures vanquished.

Grand Total: 45 creatures vanquished

Notes
Turn   | Place    | Note
-------+----------+-------------------------------------------
     0 | D:1      | Alabard the Merfolk Summoner began the quest for the Orb.
     0 | D:1      | Reached XP level 1. HP: 13/13 MP: 3/3
   771 | D:1      | Reached XP level 2. HP: 18/19 MP: 5/5
   775 | D:1      | Learned a level 2 spell: Call Imp
  1602 | D:2      | Reached XP level 3. HP: 7/24 MP: 1/6
  1626 | D:2      | HP: 1/24 [poisoned by an adder]
  1978 | D:2      | Learned a level 3 spell: Call Canine Familiar
  2126 | D:2      | Found an opulent altar of Gozag.
  2874 | D:3      | Killed from afar by an orc priest

Levels and vault maps discovered:
D:1:      dpeg_arrival_morbid_curiosity, layout_basic, fountainhead,
          minivault_23
D:2:      layout_basic, minivault_5, grunt_gozag_statues
D:3:      layout_basic, eat_drink_and_be_merry_uskayaw,
          gammafunk_temple_overflow_pools, kennysheep_generic_room_16

Skill      XL: |  1  2 |
---------------+-------+-----
Dodging        | 3 |  3.2
Fighting       | |  0.1
Short Blades   | |  0.4
Throwing       | |  0.7
Armour         | |  0.1
Stealth        | |  2.5
Spellcasting   | |  2.3
Summonings     | |  4.6

Action                   || total
-------------------------++-------
Melee: Dagger            ||    37
       Mace              ||     4
       Rapier            ||    32
Throw: Stone             ||    66
 Cast: Summon Small Mamm ||    10
       Call Imp          ||    20
       Call Canine Famil ||     3
 Stab: Sleeping          ||     1
  Eat: Ration            ||     1
       Chunk             ||     4
Armor: Leather armour    ||    11
       Robe              ||     7
Dodge: Dodged            ||    59
